 Dungeon Crawl Stone Soup version 0.23.2-33-g5129a83184 (webtiles) character file.

Game seed: 14930106651778249923

98 Atelerd the Magician (level 4, -5/27 HPs)
             Began as an Octopode Conjurer on July 16, 2019.
             Slain by an orc
             ... wielding a +0 hand axe
              (8 damage)
             ... on level 3 of the Dungeon.
             The game lasted 00:02:05 (2161 turns).

Atelerd the Magician (Octopode Conjurer)            Turns: 2161, Time: 00:02:05

Health: -5/27      AC:  1    Str: 12    XL:     4   Next: 69%
Magic:  2/10       EV: 13    Int: 18    God:
Gold:   122        SH:  0    Dex: 12    Spells: 10/11 levels left

rFire    . . .     SeeInvis .   h - +0 short sword
rCold    . . .     Gourm    .   (no shield)
rNeg     . . .     Faith    .   (helmet restricted)
rPois    .         Spirit   .   (no amulet)
rElec    .         Reflect  .   g - ring of flight
rCorr    .         Harm     .   (no ring)
MR       .....                  (no ring)
Stlth    +++.......             (no ring)
HPRegen  0.09/turn              (no ring)
MPRegen  0.12/turn              (no ring)
                                (no ring)
                                (no ring)

@: mighty, lethally poisoned (-5 -> -10)
A: almost no armour, stealthy swim, amphibious, 8 rings, constrict 8, camouflage
1, gelatinous body 1
a: Evoke Flight


You were on level 3 of the Dungeon.
You were not hungry.

You visited 1 branch of the dungeon, and saw 4 of its levels.

You collected 122 gold pieces.

Inventory:

Hand Weapons
 h - a +0 short sword (weapon)
Jewellery
 g - a ring of flight (left tentacle)
Scrolls
 a - a scroll of identify {unknown}
 c - a scroll of amnesia {unknown}
 d - a scroll of teleportation {unknown}
 e - a scroll of random uselessness {unknown}
 i - a scroll of remove curse {unknown}
 k - a scroll of immolation {unknown}
 m - 2 scrolls of fear {unknown}
 n - a scroll of blinking {unknown}
Potions
 f - a potion of brilliance {unknown}
 l - a potion of ambrosia {unknown}
 p - a potion of curing {unknown}
Comestibles
 b - 5 rations
 o - a chunk of flesh


   Skills:
 - Level 2.0 Dodging
 - Level 2.6 Stealth
 + Level 4.4 Spellcasting
 - Level 4.0 Conjurations


You had 10 spell levels left.
You knew the following spells:

 Your Spells              Type           Power        Failure   Level  Hunger
a - Magic Dart            Conj           ###.         2%          1    None

Your spell library contained the following spells:

 Spells                   Type           Power        Failure   Level  Hunger
 Searing Ray              Conj           ###...       4%          2    ##.....
 Dazzling Spray           Conj/Hex       ##....       19%         3    ###....
 Iskenderun's Mystic Bla  Conj           ###.....     26%         4    ####...
 Force Lance              Conj/Tloc      ##......     52%         4    ####...
 Fulminant Prism          Conj/Hex       ##........   52%         4    ####...


Dungeon Overview and Level Annotations

Branches:
Dungeon (4/15)
 Temple: D:4-7

Altars:


Innate Abilities, Weirdness & Mutations

You cannot wear most types of armour.
You are very stealthy in the water. (Stealth+)
You are amphibious.
You can wear up to eight rings at the same time.
You can use your tentacles to constrict eight enemies at once.
Your skin changes colour to match your surroundings (Stealth+).
Your rubbery body absorbs attacks. (AC +1, EV +1)


Message History

Aiming: Magic Dart (safe; 2% risk of failure)
Press: ? - help, Shift-Dir - straight line, f - worker ant
Aim: a worker ant (constricted by you)
The magic dart hits the worker ant.
The worker ant is lightly wounded.
You constrict the worker ant. The orc hits you with a +0 hand axe.
* * * LOW HITPOINT WARNING * * *
The orc wizard hits you but does no damage.
The rat closely misses you. The worker ant bites you.
* * * LOW HITPOINT WARNING * * *
You are lethally poisoned!
The worker ant poisons you! The giant cockroach bites you.
* * * LOW HITPOINT WARNING * * *
Unknown command.
It was a potion of might.
You feel very mighty all of a sudden.
You constrict the worker ant.
* * * LOW HITPOINT WARNING * * *
You feel sick. The orc hits you with a +0 hand axe!
You die...

#..........# ..
#.......†..##.#
#.>........#..#
#..a...)......#
#.?.........#..
#........?..###
#######..............
#.......#.#####.....?
#..r@a.....###.......
#..soo.....##........
#......†...##........
#....................
#....................
########...#.........
#...##.......)
#...##........
######.#....<.


You could see a worker ant, an orc wizard, an orc, a giant cockroach and a rat.

Vanquished Creatures
  A howler monkey (D:3)
  An adder (D:2)
  An ooze (D:1)
  A worm (D:2)
  2 dart slugs
  An orc (D:3)
  5 goblins (D:2)
  3 hobgoblins
  8 kobolds
  A quokka (D:2)
  5 bats
  7 frilled lizards
  3 rats
39 creatures vanquished.

Notes
Turn   | Place    | Note
-------+----------+-------------------------------------------
     0 | D:1      | Atelerd the Octopode Conjurer began the quest for the Orb.
     0 | D:1      | Reached XP level 1. HP: 11/11 MP: 3/3
   906 | D:1      | Reached XP level 2. HP: 14/17 MP: 0/5
  1358 | D:2      | Reached XP level 3. HP: 9/21 MP: 5/7
  2124 | D:3      | Reached XP level 4. HP: 18/27 MP: 1/9
  2161 | D:3      | Slain by an orc

Skill      XL: |  1  2  3  4 |
---------------+-------------+-----
Spellcasting   | 3 4 |  4.4
Dodging        | |  2.0
Stealth        | |  2.6
Conjurations   | |  4.0

Action                   |  1- 3 |  4- 6 || total
-------------------------+-------+-------++-------
Melee: Unarmed           |    16 |       ||    16
       Tentacles         |    14 |     2 ||    16
       Constrict         |    13 |     3 ||    16
       Short sword       |    47 |     9 ||    56
 Cast: Magic Dart        |    23 |     3 ||    26
  Use: Potion            |       |     1 ||     1
 Stab: Sleeping          |    10 |       ||    10
  Eat: Chunk             |     4 |       ||     4
Armor: Skin              |     2 |     1 ||     3
Dodge: Dodged            |    43 |    19 ||    62
